 Seeded DCSS version 0.27.1-37-g7b29ead8ac (webtiles) character file.

Game seed: 8880295426667636597 (custom seed)

385251 tkbsonic5 the Caregiver (level 21, -15/183 (208) HPs)
             Began as a Deep Dwarf Hunter on Feb 23, 2023.
             Was a Believer of Elyvilon.
             Demolished by an ettin (28 damage)
             ... while paralysed by an air elemental
             ... on level 4 of the Depths on Apr 30, 2023.
             The game lasted 05:14:26 (39697 turns).

tkbsonic5 the Caregiver (Deep Dwarf Hunter)        Turns: 39697, Time: 05:14:27

HP:   -15/183 (208) AC: 30    Str: 21    XL:     21   Next: 98%
MP:   4/4           EV:  2    Int: 11    God:    Elyvilon [**....]
Gold: 907           SH:  0    Dex: 12    Spells: 20/20 levels left

rFire    . . .     SeeInvis +   p - +8 glaive of the Guard {elec, spectral, AC+5, Church Glaive}
rCold    + + +     Faith    +   (shield currently unavailable)
rNeg     + . .     Spirit   .   n - +4 plate armour
rPois    .         Reflect  .   b - +0 helmet "Rehal" {rElec Str-2 SInv}
rElec    +         Harm     .   o - scarf {+Inv}
rCorr    .         Rampage  .   r - +0 pair of gloves
Will     +++..                  U - +0 pair of boots
Stlth    ..........             A - amulet of faith
HPRegen  0.00/turn              g - ring "Jorph" {Fly rC+++ Int-3 Dex-2 Slay+4}
MPRegen  0.09/turn              X - +4 ring of slaying

@: paralysed, flying, slightly contaminated, studying Earth Magic, heavily
drained, invisible
A: damage resistance, heal wounds, negative energy resistance 1, sense
surroundings 3, no regeneration
}: 2/15 runes: serpentine, barnacled
a: Heal Wounds, Renounce Religion, Evoke Invisibility, Lesser Healing, Heal
Other, Divine Protection


You were on level 4 of the Depths.
You worshipped Elyvilon.
Elyvilon was pleased with you.
You visited 6 branches of the dungeon, and saw 37 of its levels.
You also visited: Sewer.

You collected 4042 gold pieces.
You spent 3135 gold pieces at shops.

Inventory:

Hand Weapons
 i - the +8 arbalest of Eternal War {freeze, rF++ rC- Int+2, Antiflame Rifle}
   (You acquired it on level 5 of the Dungeon)

   Any ammunition fired from it freezes those it strikes, dealing additional
   cold damage.
   It can also slow down cold-blooded creatures.
   Int:       It affects your intelligence (+2).
   rF:        It greatly protects you from fire.
   rC:        It makes you vulnerable to cold.
 p - the +8 glaive of the Guard (weapon) {elec, spectral, AC+5, Church Glaive}
   (You acquired it on level 5 of the Dungeon)

   It occasionally discharges a powerful burst of electricity upon striking a
   foe.
   When it strikes, its spirit leaps out and fights alongside the wielder.
   AC:        It affects your AC (+5).
Missiles
 d - 769 bolts
 h - 14 silver javelins
 w - 5 throwing nets
 C - 11 boomerangs of dispersal
 G - 96 poisoned darts
 Q - 11 boomerangs
Armour
 b - the +0 helmet "Rehal" (worn) {rElec Str-2 SInv}
   (You found it on level 3 of the Depths)

   Str:       It affects your strength (-2).
   rElec:     It insulates you from electricity.
   SInv:      It lets you see invisible.
 n - a +4 plate armour (worn)
 o - a scarf of invisibility (worn)
 r - a +0 pair of gloves (worn)
 t - a +2 helmet
 I - the +5 chain mail "Fonoc" {Dex+3 SInv}
   (You found it on level 2 of the Shoals)

   Dex:       It affects your dexterity (+3).
   SInv:      It lets you see invisible.
 P - a +0 kite shield of reflection
 U - a +0 pair of boots (worn)
Jewellery
 a - a ring of wizardry
 g - the ring "Jorph" (left hand) {Fly rC+++ Int-3 Dex-2 Slay+4}
   (You found it on level 1 of the Depths)

   [ring of flight]

   Int:       It affects your intelligence (-3).
   Dex:       It affects your dexterity (-2).
   Slay:      It affects your accuracy & damage with ranged weapons and melee
   (+4).
   rC:        It renders you almost immune to cold.
   Fly:       It grants you flight.
 j - a ring of see invisible
 q - a +4 ring of protection
 s - a ring of protection from cold
 y - the ring of Koseikha {rC- rN+ Str+3 Int+8 Dex-2}
   (You took it off a tengu warrior on level 1 of the Depths)

   [ring of positive energy]

   Str:       It affects your strength (+3).
   Int:       It affects your intelligence (+8).
   Dex:       It affects your dexterity (-2).
   rC:        It makes you vulnerable to cold.
   rN:        It protects you from negative energy.
 z - a ring of fire
 A - an amulet of faith (around neck)
 B - a ring of protection from cold
 H - an amulet of reflection
 K - a ring of see invisible
 L - a ring of protection from fire
 M - a ring of willpower
 S - a ring of poison resistance
 X - a +4 ring of slaying (right hand)
Wands
 x - a wand of iceblast (7)
 D - a wand of flame (3) (quivered)
 J - a wand of digging (11)
Scrolls
 c - 16 scrolls of identify
 f - a scroll of holy word
 m - a scroll of silence
 E - 2 scrolls of magic mapping
Potions
 e - a potion of cancellation
 v - 12 potions of curing
Miscellaneous
 l - a phial of floods (inert)
 N - a box of beasts (inert)
 V - a tin of tremorstones (inert)
 Z - a lightning rod (4/4)


   Skills:
 * Level 17.0 Fighting
 + Level 10.2(14.2) Axes
 - Level 2.0(6.2) Maces & Flails
 + Level 13.6(14.4) Polearms
 - Level 0.9(5.3) Slings
 - Level 18.0 Crossbows
 + Level 7.0(7.1) Throwing
 * Level 13.9 Armour
 * Level 14.0 Dodging
 - Level 6.1 Stealth
 - Level 6.0 Shields
 * Level 18.8 Invocations
 - Level 16.6 Evocations


You had 20 spell levels left.
You didn't know any spells.
Your spell library contained the following spells:

 Spells                   Type           Power      Damage    Failure   Level
 Beastly Appendage        Tmut           0%         N/A       98%         1
 Sting                    Tmut/Pois      0%         1d3       98%         1
 Passwall                 Tmut/Erth      0%         N/A       99%         2
 Poisonous Vapours        Pois/Air       0%         N/A       99%         2
 Static Discharge         Conj/Air       0%         N/A       99%         2
 Sublimation of Blood     Necr           0%         N/A       99%         2
 Wereblood                Tmut           0%         N/A       99%         2
 Conjure Flame            Conj/Fire      0%         6-21      100%        3
 Dazzling Flash           Conj/Hex       0%         N/A       100%        3
 Gell's Gravitas          Tloc           0%         N/A       100%        3
 Ignite Poison            Fire/Tmut/Pois 0%         N/A       100%        3
 Lesser Beckoning         Tloc           0%         N/A       100%        3
 Mephitic Cloud           Conj/Pois/Air  0%         N/A       100%        3
 Spider Form              Tmut/Pois      0%         N/A       100%        3
 Teleport Other           Tloc           0%         N/A       100%        3
 Airstrike                Air            0%         N/A       100%        4
 Dispel Undead            Necr           0%         3d6       100%        4
 Fulminant Prism          Conj/Hex       0%         3d6       100%        4
 Ice Form                 Ice/Tmut       0%         N/A       100%        4
 Iskenderun's Mystic Bla  Conj/Tloc      0%         2d3       100%        4
 Olgreb's Toxic Radiance  Pois           0%         N/A       100%        4
 Sticky Flame             Conj/Fire      0%         2d3       100%        4
 Bolt of Magma            Conj/Fire/Erth 0%         4d4       100%        5
 Fireball                 Conj/Fire      0%         3d3       100%        5
 Lee's Rapid Deconstruct  Erth           0%         3d5*      100%        5
 Lightning Bolt           Conj/Air       0%         1d11      100%        5
 Summon Forest            Summ/Tloc      0%         N/A       100%        5
 Dispersal                Tloc           0%         N/A       100%        6
 Eringya's Noxious Bog    Tmut/Pois      0%         N/A       100%        6
 Starburst                Conj/Fire      0%         6d3       100%        6
 Dragon Form              Tmut           0%         N/A       100%        7
 Ozocubu's Refrigeration  Ice            0%         4d5       100%        7
 Spellforged Servitor     Conj/Summ      0%         N/A       100%        7
 Summon Hydra             Summ           0%         N/A       100%        7
 Ignition                 Fire           0%         3d3       100%        8


Dungeon Overview and Level Annotations

Branches:
Dungeon (15/15)            Temple (0/1) D:6            Lair (6/6) D:9
 Shoals (4/4) Lair:4        Snake (4/4) Lair:3        Slime (0/5) Lair:5
    Orc (0/2) D:12         Vaults (4/5) D:14          Crypt (0/3) Vaults:2
 Depths (4/5) D:15          Sewer (visited)

Altars:
Cheibriados
Fedhas
Nemelex Xobeh
Okawaru
Qazlal
Sif Muna
Uskayaw
Vehumet
Yredelemnul
Beogh

Shops:
D:2 :   Shoals:1 ([   Snake:1 *=   Snake:2 [(   Snake:4 *   Vaults:2 (
Vaults:3 ?   Vaults:4 [

Portals:
Hell: Depths:1 Depths:2 Depths:3
Pandemonium: Depths:1 Depths:3
Ziggurat: Depths:2
Bazaar: Shoals:2

Annotations:
D:8 2 transporters
D:13 2 transporters, Mebb's ghost, journeyman SpEn
Lair:2 exclusion: 2 oklob plants
Snake:4 Roxanne
Vaults:3 exclusion: orange crystal statue
Depths:4 exclusion: obsidian statue


Innate Abilities, Weirdness & Mutations

You are resistant to damage.
You can heal yourself by infusing magical energy.
You resist negative energy. (rN+)
You passively map a large area around you.
You do not regenerate.


Message History

* * * LOW HITPOINT WARNING * * *
The ettin hits you with a +0 dire flail!
* * * LOW HITPOINT WARNING * * *
The wind drake hisses angrily.
You can move again.
Unknown command.
Okay, then.
Okay, then.
Okay, then.
Okay, then.
You feel much better.
The air elemental hits you but does no damage.
The air elemental closely misses you.
The fire giant hits you with a +2 great sword of flaming!
* * * LOW HITPOINT WARNING * * *
The fire giant burns you.
The wind drake bites you but does no damage.
The storm dragon bites you.
* * * LOW HITPOINT WARNING * * *
The storm dragon claws you but does no damage.
The storm dragon tramples you.
* * * LOW HITPOINT WARNING * * *
You hold your ground!
The water elemental barely misses you. The ettin closely misses you.
The ettin hits you with a +0 dire flail!
* * * LOW HITPOINT WARNING * * *
Okay, then.
You slice the wind drake!!
You kill the wind drake!
The air elemental fires a burst of electricity at you.
The stunning burst hits you but does no damage.
You suddenly lose the ability to move!
The air elemental fires a burst of electricity at you.
The stunning burst hits you. You resist.
The fire giant hits you but does no damage.
The air elemental hits you but does no damage.
The ettin hits you with a +0 dire flail!
* * * LOW HITPOINT WARNING * * *
The ettin hits you with a +0 dire flail!!
You die...

≈ , ≈ , #≈######≈ ≈ * ,
≈ , #≈≈≈≈≈≈≈≈ * ≈ ,
#≈≈≈≈≈≈≈≈≈ ≈
≈≈######≈≈.....≈≈ , ,
≈≈, .≈≈≈≈≈≈≈≈......≈ ≈ *
≈ , , ,..≈≈≈≈≈≈........
≈ , ,, .........E......
≈≈ ,
.......CCE......,,≈≈* ,
, , .......D@.......
...............E........
*
.......................
**
......................**
, ....................#*
* * ..>..###############
**.°E* #(# ##E#


You could see a storm dragon shaped shifter (catching breath), a fire giant, an
ettin, an earth elemental, a water elemental and an air elemental.

Vanquished Creatures
  Mara (Shoals:4)
  A juggernaut (Depths:1)
  Nikola (Shoals:2)
  A lich (Depths:3)
  A titan (Depths:1)
  A kraken (Shoals:2)
  Frances (Snake:1)
  Polyphemus (Shoals:2)
  4 sphinxes
  A shadow dragon (Depths:3)
  2 tengu reavers
  Donald (Vaults:2)
  8 fire giants
  A rockslime (shapeshifter) (Depths:4)
  3 nagarajas
  3 orc warlords
  5 frost giants
  9 vault wardens
  A curse skull (Vaults:2)
  A deep elf sorcerer (Vaults:2)
  A ghoul (Vaults:2)
  A caustic shrike zombie (Depths:3)
  A war gargoyle (Depths:4)
  18 very ugly things
  12 stone giants
  A stone giant (shapeshifter) (Depths:4)
  10 ironbound preservers
  A vampire knight (Depths:2)
  A spark wasp (Depths:3)
  A deep elf death mage (Vaults:2)
  A dire elephant (Vaults:1)
  5 merfolk javelineers
  7 ettins
  A green death (Depths:1)
  A blizzard demon (Depths:4)
  6 yaktaur captains
  A fire dragon (Depths:1)
  7 merfolk impalers
  A deep elf high priest (Depths:3)
  A crystal guardian (Vaults:4)
  2 jiangshi
  5 great orbs of eyes
  2 rakshasas (Depths:2)
  5 hydras
  4 ironbound thunderhulks
  3 peacekeepers
  5 salamander tyrants (Snake:4)
  2 ice dragons
  2 alligator snapping turtles
  2 ogre magi
  A boulder beetle (Lair:5)
  A spriggan air mage (Depths:2)
  6 vault guards
  11 ironbound frosthearts
  15 naga warriors
  2 satyrs
  A catoblepas (Shoals:2)
  3 merfolk avatars (Shoals:4)
  4 merfolk aquamancers
  A death knight (D:15)
  An alligator (shapeshifter) (Depths:4)
  9 centaur warriors
  2 dancing weapons (Depths:4)
  8 anacondas
  12 two-headed ogres
  2 deep troll shamans
  2 vampire magi
  3 death yaks (Shoals:2)
  5 deep troll earth magi
  5 ironbound beastmasters
  The ghost of Fractals the Magician, a novice HuWn of Sif Muna (D:9)
  3 tengu warriors
  2 spriggan berserkers (Depths:3)
  4 shock serpents
  A sun demon (Depths:1)
  17 hell knights
  9 naga sharpshooters
  Sonja (Lair:4)
  2 sixfirhies
  3 salamander mystics
  A soul eater (Depths:3)
  6 skeletal warriors
  A spark wasp zombie (Depths:3)
  A sea snake (shapeshifter) (Depths:4)
  An iron troll (Depths:3)
  6 glowing orange brains
  A shadow demon (Depths:3)
  40 deep trolls
  8 sea snakes
  A torturous demonspawn (Depths:1)
  A flayed ghost (Depths:3)
  Pikel (D:5)
  11 wizards
  A swamp dragon (shapeshifter) (Vaults:2)
  12 lindwurms
  3 phantasmal warriors (Snake:3)
  24 harpies
  7 naga ritualists
  17 necromancers
  11 ironbound convokers
  2 deep elf pyromancers (D:15)
  5 orc knights
  A fire giant zombie (Vaults:2)
  An orc sorcerer (D:15)
  59 ugly things
  11 mana vipers
  2 wolf spiders (Lair:6)
  2 cyclopes
  8 fauns
  A glowing shapeshifter (Depths:4)
  11 manticores
  6 merfolk sirens
  A fire giant skeleton (Depths:3)
  11 salamanders
  15 vault sentinels
  10 elephants
  9 water nymphs
  2 guardian serpents
  A rust devil (Depths:3)
  32 black mambas
  13 naga magi
  2 torpor snails
  A yaktaur zombie (Vaults:2)
  2 gargoyles
  6 cane toads
  An unseen horror (D:10)
  An efreet (D:13)
  2 rime drakes (Shoals:1)
  20 yaktaurs
  5 komodo dragons
  2 tengu conjurers
  3 kobold demonologists (D:13)
  3 freezing wraiths (D:15)
  3 ice devils
  3 red devils (Depths:3)
  29 merfolk
  A yaktaur skeleton (Vaults:2)
  2 hellwings (Depths:1)
  12 wind drakes
  A tengu simulacrum (Vaults:2)
  A hornet (shapeshifter) (D:14)
  Grinder (D:6)
  6 meliai
  4 trolls
  2 hornets (Lair:6)
  2 polar bears
  24 blink frogs
  11 dream sheep
  A meliai zombie (D:11)
  22 slime creatures
  A dream sheep (shapeshifter) (D:13)
  An ettin zombie (Vaults:2)
  9 snapping turtles
  12 air elementals
  A redback (Shoals:1)
  A centaur simulacrum (D:15)
  2 wraiths
  A shadow (D:12)
  21 water elementals
  15 wyverns
  50 yaks
  16 humans (D:14)
  3 fire elementals
  4 basilisks
  A yak (shapeshifter) (D:13)
  A golden eye (Shoals:2)
  16 vampire mosquitoes
  4 chaos spawn
  3 steam dragons (Shoals:1)
  2 acid dragons
  23 water moccasins
  33 nagas
  A swamp worm (Shoals:2)
  A floating eye (Depths:3)
  Duvessa (D:7)
  A black bear (shapeshifter) (D:13)
  3 human skeletons (Vaults:3)
  9 orc warriors
  2 black bears
  4 ogres
  A sky beast (D:7)
  3 boggarts (Vaults:1)
  11 wolves
  11 centaurs
  A phantom (D:6)
  2 lemures (D:5)
  4 kobold brigands
  2 gnoll sergeants
  6 scorpions
  8 bullfrogs
  5 earth elementals (Depths:4)
  2 water moccasin zombies
  Dowan (D:7)
  3 killer bees (D:9)
  24 wights
  2 vampire bats (D:12)
  5 howler monkeys
  A bullfrog zombie (D:7)
  3 centaur zombies
  A human simulacrum (Vaults:3)
  5 orc priests
  2 hounds
  4 jellies
  3 centaur skeletons
  2 gnoll shamans
  Natasha (thrice) (D:3)
  3 iguanas
  9 orc wizards
  A mummy (D:7)
  17 gnolls
  2 howler monkey zombies
  8 adders
  2 river rats
  2 white imps
  4 worms
  A dart slug (D:3)
  39 orcs
  5 ball pythons
  4 endoplasms
  3 giant cockroaches (D:1)
  12 hobgoblins
  12 jackals
  2 quokkas
  14 bats
  A frilled lizard (D:2)
  6 goblins
  2 hobgoblin zombies (D:7)
  35 kobolds
  A kobold zombie (D:7)
  An orc zombie (D:7)
  7 rats
  5 ball lightnings (Depths:4)
  A fungus (Lair:6)
  2 tentacles (Shoals:2)
1382 creatures vanquished.

Vanquished Creatures (collateral kills)
  A shadow dragon (Depths:3)
  2 war gargoyles (Depths:4)
  A stone giant (Depths:1)
  A fire dragon (Depths:1)
  An ettin (Depths:3)
  A hydra (Lair:4)
  A spriggan air mage (Depths:3)
  An ice dragon (Depths:2)
  A dancing weapon (Depths:4)
  2 hell knights (Depths:3)
  2 glowing orange brains
  2 ugly things
  2 cane toads
  A wind drake (Depths:4)
  A dream sheep (Lair:4)
  A redback (Lair:6)
  A yak (Lair:6)
  A fire elemental (Depths:4)
  A centaur (D:15)
  3 earth elementals (Depths:4)
27 creatures vanquished.

Vanquished Creatures (others)
  A frost giant (Depths:2)
  2 very ugly things (Depths:4)
  A stone giant (Depths:3)
  A deep elf death mage (Vaults:4)
  An ettin (Depths:3)
  A merfolk impaler (Shoals:1)
  A jiangshi (Depths:1)
  A rakshasa (D:15)
  A centaur warrior (D:15)
  A tengu warrior (D:14)
  An ironbound beastmaster (Vaults:4)
  A wizard (Vaults:3)
  A lindwurm (Vaults:4)
  A black mamba (Lair:6)
  A manticore (Shoals:4)
  3 ugly things
  A merfolk siren (Shoals:4)
  A merfolk (Shoals:4)
  3 wind drakes (Shoals:4)
  A hornet (D:10)
  2 dream sheep (Lair:4)
  3 water elementals
  A water moccasin (Lair:6)
  A centaur (Shoals:4)
  A kobold (D:9)
  3 ball lightnings (Depths:4)
  53 fungi
  95 plants
  9 tentacles (Shoals:2)
193 creatures vanquished.

Grand Total: 1602 creatures vanquished

Notes
Turn   | Place    | Note
-------+----------+-------------------------------------------
     0 | D:1      | tkbsonic5 the Deep Dwarf Hunter began the quest for the
                  | Orb.
     0 | D:1      | Reached XP level 1. HP: 19/19 MP: 1/1
   145 | D:1      | Reached XP level 2. HP: 19/26 MP: 2/2
   553 | D:1      | Reached XP level 3. HP: 23/32 MP: 3/3
   836 | D:2      | Reached skill level 5 in Crossbows
   965 | D:2      | Found Mixuistu's Book Emporium.
  1183 | D:2      | Reached XP level 4. HP: 40/40 MP: 3/3
  1711 | D:3      | Found a faded altar of an unknown god.
  1741 | D:3      | Reached skill level 1 in Maces & Flails
  1812 | D:3      | Noticed Natasha
  1821 | D:3      | Killed Natasha
  1822 | D:3      | Reached XP level 5. HP: 31/46 MP: 4/4
  1904 | D:3      | Noticed Natasha
  1908 | D:3      | Killed Natasha
  2009 | D:3      | Noticed Natasha
  2020 | D:3      | Killed Natasha
  2303 | D:4      | Found a glowing drain.
  2350 | Sewer    | Entered a sewer
  2438 | Sewer    | Reached skill level 1 in Evocations
  2438 | Sewer    | Reached XP level 6. HP: 56/56 MP: 4/4
  2483 | Sewer    | Found a white marble altar of Elyvilon.
  2492 | Sewer    | Became a worshipper of Elyvilon the Healer
  2639 | D:4      | Found a sparkling altar of Nemelex Xobeh.
  2701 | D:4      | Reached skill level 1 in Invocations
  2811 | D:4      | Reached XP level 7. HP: 60/63 MP: 6/6
  3112 | D:5      | Entered Level 5 of the Dungeon
  3157 | D:5      | Identified 2 scrolls of acquirement
  3158 | D:5      | Acquired the +8 glaive of the Guard {elec, spectral, AC+5}
  3158 | D:5      | Found the +8 glaive of the Guard {elec, spectral, AC+5}
  3160 | D:5      | Acquired the +8 arbalest of Eternal War {freeze, rF++ rC-
                  | Int+2}
  3220 | D:5      | Reached skill level 1 in Polearms
  3220 | D:5      | Reached XP level 8. HP: 69/73 MP: 8/8
  3254 | D:5      | Reached skill level 1 in Armour
  3291 | D:5      | Reached * piety under Elyvilon
  3292 | D:5      | Noticed Pikel
  3311 | D:5      | Killed Pikel
  3328 | D:5      | Reached skill level 5 in Fighting
  3872 | D:6      | Gained mutation: You passively map the area around you.
                  | [Deep Dwarf growth]
  3872 | D:6      | Reached XP level 9. HP: 81/81 MP: 10/10
  4088 | D:6      | Reached skill level 5 in Invocations
  4134 | D:6      | Found a staircase to the Ecumenical Temple.
  4167 | D:6      | Reached skill level 5 in Evocations
  4385 | D:6      | Noticed Grinder
  4391 | D:6      | Killed Grinder
  4532 | D:7      | Reached ** piety under Elyvilon
  4713 | D:7      | Noticed Dowan
  4714 | D:7      | Reached skill level 5 in Stealth
  4715 | D:7      | Noticed Duvessa
  4720 | D:7      | Killed Dowan
  4723 | D:7      | Killed Duvessa
  5371 | D:8      | Found a transporter.
  5377 | D:8      | Found a transporter.
  5377 | D:8      | Noticed a brown ugly thing
  5383 | D:8      | Noticed a white ugly thing
  5384 | D:8      | Noticed an orc knight
  5390 | D:8      | Found a basalt altar of Yredelemnul.
  5540 | D:8      | Reached XP level 10. HP: 86/92 MP: 13/13
  5775 | D:8      | Reached *** piety under Elyvilon
  6082 | D:9      | Acquired 696 gold pieces
  6100 | D:9      | Found an iron altar of Okawaru.
  6107 | D:9      | Got Liatte Loeph's Compendium of Air
  6202 | D:9      | Found a staircase to the Lair.
  6285 | D:9      | Found a hide-covered altar of Uskayaw.
  6286 | D:9      | Found a radiant altar of Vehumet.
  6730 | D:9      | Found a runed translucent gate.
  6731 | D:9      | Found a runed translucent gate.
  6731 | D:9      | Noticed Fractals's ghost (novice HuWn)
  6732 | D:9      | Found a runed translucent gate.
  6733 | D:9      | Identified the +0 troll leather armour of Narcissism
                  | {Regen+ Str+5 Int+3}
  6764 | D:9      | Killed Fractals's ghost
  6784 | D:9      | Reached skill level 10 in Crossbows
  6924 | D:10     | Entered Level 10 of the Dungeon
  6966 | D:10     | Noticed a two-headed ogre
  6979 | D:10     | Killed a two-headed ogre
  7052 | D:10     | Noticed a two-headed ogre
  7059 | D:10     | Killed a two-headed ogre
  7155 | D:10     | Noticed a two-headed ogre
  7161 | D:10     | Killed a two-headed ogre
  7162 | D:10     | Reached XP level 11. HP: 87/99 MP: 15/15
  7582 | D:11     | Reached skill level 5 in Dodging
  7633 | D:11     | Noticed a centaur warrior
  7635 | D:11     | Killed a centaur warrior
  7776 | D:11     | Reached **** piety under Elyvilon
  8033 | Lair:1   | Entered Level 1 of the Lair of Beasts
  8291 | Lair:1   | Reached skill level 10 in Invocations
  8826 | Lair:2   | Reached ***** piety under Elyvilon
  8830 | Lair:2   | Noticed a five-headed hydra
  8837 | Lair:2   | Killed a five-headed hydra
  8861 | Lair:2   | Found a snail-covered altar of Cheibriados.
  8972 | Lair:2   | Noticed an oklob plant
  8972 | Lair:2   | Noticed an oklob plant
  9738 | Lair:3   | Reached skill level 5 in Armour
  9787 | Lair:3   | Reached skill level 5 in Polearms
  9819 | Lair:3   | Found a staircase to the Snake Pit.
  9927 | Lair:3   | Reached XP level 12. HP: 98/110 MP: 18/18
 10553 | Lair:4   | Found a staircase to the Shoals.
 10649 | Lair:4   | Noticed an eight-headed hydra
 10663 | Lair:4   | Killed an eight-headed hydra
 10948 | Lair:4   | Noticed Sonja
 10951 | Lair:4   | Killed Sonja
 11180 | Lair:4   | Reached skill level 10 in Evocations
 11244 | Lair:4   | Noticed a four-headed hydra
 11248 | Lair:4   | Killed a four-headed hydra
 11529 | Lair:5   | Reached XP level 13. HP: 115/123 MP: 19/19
 11539 | Lair:5   | Reached skill level 10 in Fighting
 11815 | Lair:5   | Reached ****** piety under Elyvilon
 11889 | Lair:5   | Found a staircase to the Slime Pits.
 12237 | Lair:6   | Entered Level 6 of the Lair of Beasts
 13268 | Lair:6   | Gained mutation: You resist negative energy. (rN+) [Deep
                  | Dwarf growth]
 13268 | Lair:6   | Reached XP level 14. HP: 110/133 MP: 21/21
 13459 | Lair:6   | Paralysed by a hornet for 1 turns
 14490 | D:12     | Found a staircase to the Orcish Mines.
 16177 | D:13     | Noticed Mebb's ghost (journeyman SpEn)
 16179 | D:13     | Found a transporter.
 16186 | D:13     | Found a transporter.
 16512 | D:14     | Found a gate to the Vaults.
 16768 | D:14     | Reached skill level 15 in Crossbows
 16864 | D:14     | Found a shimmering blue altar of Sif Muna.
 17124 | D:15     | Entered Level 15 of the Dungeon
 17129 | D:14     | Reached XP level 15. HP: 121/144 MP: 23/23
 17268 | D:15     | Found a gate leading to a gauntlet.
 17397 | D:15     | Reached skill level 15 in Invocations
 17597 | D:15     | Found a snail-covered altar of Cheibriados.
 17901 | D:15     | Found a staircase to the Depths.
 18370 | Snake:1  | Entered Level 1 of the Snake Pit
 18480 | Snake:1  | Found Woetsik's Jewellery Emporium.
 18488 | Snake:1  | Bought an amulet of faith for 640 gold pieces
 18555 | Snake:1  | Noticed Frances
 18561 | Snake:1  | Killed Frances
 18917 | Snake:1  | Found Geixt's Assorted Antiques.
 18947 | Snake:1  | Bought a scroll labelled YKKEHI ASHRO for 26 gold pieces
 18947 | Snake:1  | Bought a scroll of identify for 52 gold pieces
 18947 | Snake:1  | Bought a scroll of holy word for 195 gold pieces
 18947 | Snake:1  | Bought a wand of acid (3) for 208 gold pieces
 19434 | Snake:2  | Reached skill level 10 in Polearms
 19573 | Snake:2  | Found Tieryss's Antique Armour Emporium.
 19578 | Snake:2  | Found Uhagryga's Antique Weapon Emporium.
 20407 | Snake:3  | Noticed a nagaraja
 20412 | Snake:3  | Killed a nagaraja
 20512 | Snake:3  | Found a frozen archway.
 20601 | Snake:3  | Reached XP level 16. HP: 146/158 MP: 16/24
 21398 | Snake:4  | Entered Level 4 of the Snake Pit
 21407 | Snake:4  | Noticed Roxanne
 21719 | Snake:4  | Found Diari's Neck Hole.
 21725 | Snake:4  | Bought a scarf of invisibility for 168 gold pieces
 22427 | Snake:4  | Got a serpentine rune of Zot
 22801 | Vaults:1 | Entered Level 1 of the Vaults
 23073 | Vaults:1 | Reached XP level 17. HP: 113/166 MP: 26/26
 24147 | Vaults:1 | Reached skill level 1 in Throwing
 24697 | Shoals:1 | Entered Level 1 of the Shoals
 24821 | Shoals:1 | Found Liuheva's Antique Weapon Shop.
 25376 | Shoals:1 | Reached skill level 10 in Dodging
 25409 | Shoals:1 | Found Lineliac's Armour Boutique.
 25454 | Shoals:1 | Bought the +5 scythe "Finisher" {speed, eviscerate} for
                  | 1558 gold pieces
 25454 | Shoals:1 | Found the +5 scythe "Finisher" {speed, eviscerate}
 25864 | Shoals:2 | Reached skill level 15 in Evocations
 25877 | Shoals:2 | Identified the +5 chain mail "Fonoc" {Dex+3 SInv}
 26015 | Shoals:2 | Noticed a kraken
 26036 | Shoals:2 | Killed a kraken
 26070 | Shoals:2 | Found a gateway to a bazaar.
 26247 | Shoals:2 | Noticed Polyphemus
 26259 | Shoals:2 | Killed Polyphemus
 26418 | Shoals:2 | Noticed Nikola
 26431 | Shoals:2 | Killed Nikola
 26432 | Shoals:2 | Reached skill level 10 in Armour
 26728 | Shoals:3 | Gained mutation: You passively map a large area around you.
                  | [Deep Dwarf growth]
 26728 | Shoals:3 | Reached XP level 18. HP: 150/177 MP: 27/27
 27331 | Shoals:4 | Entered Level 4 of the Shoals
 27331 | Shoals:4 | Found a stormy altar of Qazlal.
 27369 | Shoals:4 | Paralysed by an air elemental for 1 turns
 27373 | Shoals:4 | Paralysed by an air elemental for 1 turns
 27376 | Shoals:4 | Paralysed by an air elemental for 1 turns
 27380 | Shoals:4 | Reached skill level 15 in Fighting
 27412 | Shoals:4 | Paralysed by an air elemental for 1 turns
 27460 | Shoals:4 | Identified the +5 dagger "Retun" {drain, rC+}
 27511 | Shoals:4 | Found the +8 frozen axe "Frostbite" {freezing cloud, *Noise
                  | Fly rC+}
 27520 | Shoals:4 | Got a barnacled rune of Zot
 27521 | Shoals:4 | Identified the +8 rapier "Ogoluosu" {vamp, Str-4 Dex+9
                  | Stlth-}
 27528 | Shoals:4 | Got the Disquisition on Blistering Calling
 27643 | Shoals:4 | Paralysed by an air elemental for 1 turns
 27835 | Shoals:4 | Paralysed by an air elemental for 1 turns
 28386 | Shoals:4 | Found a stormy altar of Qazlal.
 28412 | Shoals:4 | Paralysed by an air elemental for 1 turns
 28494 | Shoals:4 | Paralysed by an air elemental for 1 turns
 28555 | Shoals:4 | Noticed Mara
 28579 | Shoals:4 | Killed Mara
 28613 | Shoals:4 | Paralysed by an air elemental for 1 turns
 28617 | Shoals:4 | Paralysed by an air elemental for 1 turns
 29311 | Vaults:1 | Reached skill level 1 in Axes
 29547 | Vaults:2 | Found Agasmeer's Weapon Shop.
 29757 | Vaults:2 | Paralysed by a sphinx for 2 turns
 29771 | Vaults:2 | Noticed Donald
 29778 | Vaults:2 | Killed Donald
 29802 | Vaults:2 | Reached XP level 19. HP: 163/177 MP: 23/23
 30032 | Vaults:2 | Reached skill level 5 in Axes
 30564 | Vaults:2 | Found a staircase to the Crypt.
 31801 | Vaults:3 | Found Kaolu's Magic Scroll Boutique.
 31809 | Vaults:3 | Bought a scroll of enchant armour for 120 gold pieces
 31809 | Vaults:3 | Bought a scroll of teleportation for 48 gold pieces
 31809 | Vaults:3 | Bought a scroll of enchant weapon for 120 gold pieces
 32713 | Vaults:4 | Paralysed by a sphinx for 4 turns
 32774 | Vaults:4 | Found Cuc Roo's Antique Armour Emporium.
 32853 | Vaults:4 | Reached XP level 20. HP: 127/196 MP: 13/17
 33263 | Vaults:4 | Reached skill level 1 in Shields
 34237 | Depths:1 | Entered Level 1 of the Depths
 34731 | Depths:1 | Found a one-way gate leading to the halls of Pandemonium.
 35106 | Depths:1 | Identified the ring of Koseikha {rC- rN+ Str+3 Int+8 Dex-2}
 35159 | Depths:1 | Identified the ring "Jorph" {Fly rC+++ Int-3 Dex-2 Slay+4}
 35245 | Depths:1 | Found a gateway to Hell.
 35870 | Depths:2 | Reached skill level 5 in Throwing
 35879 | Depths:2 | Noticed a juggernaut
 35897 | Depths:1 | Killed a juggernaut
 36383 | Depths:2 | Found a blossoming altar of Fedhas.
 36507 | Depths:2 | Reached skill level 5 in Shields
 36628 | Depths:2 | Reached XP level 21. HP: 173/206 MP: 9/9
 37387 | Depths:2 | Found a gateway to a ziggurat.
 37642 | Depths:3 | Got the Papyrus of Shifting Snow
 37925 | Depths:3 | Paralysed by a floating eye for 2 turns
 38132 | Depths:3 | Identified the +6 quarterstaff of Intimidation {holy, rC+
                  | Str+5 Stlth+}
 38495 | Depths:3 | Reached skill level 10 in Axes
 38776 | Depths:3 | Identified the +0 helmet "Rehal" {rElec Str-2 SInv}
 39361 | Depths:4 | Paralysed by an air elemental for 1 turns
 39688 | Depths:4 | Paralysed by an air elemental for 1 turns
 39695 | Depths:4 | Paralysed by an air elemental for 1 turns
 39697 | Depths:4 | Paralysed by an air elemental for 1 turns
 39697 | Depths:4 | Demolished by an ettin

Illustrated notes

Levels and vault maps discovered:
D:1:      erik_arrival_blinker_ship, layout_loops_ring, minivault_25
D:2:      minmay_general_purpose_star, layout_loops_cross, serial_shops, shop
D:3:      layout_rooms, ebering_ecumenical_altar_box, minmay_misc_feat_square,
          roderic_nine_men_s_morris, uniq_natasha
D:4:      old_forge, layout_rooms, nemelex_dance_club_becter,
          portal_sewer_entry_a
D:5:      layout_basic, uniq_pikel
D:6:      layout_rooms, minmay_temple_entry_junction, uniq_grinder
D:7:      layout_cave_pools, minmay_mini_ossuary, uniq_duvessa
D:8:      layout_loops_cross, gammafunk_temple_overflow_arena,
          minmay_misc_feat_rugged
D:9:      layout_long_grid, gammafunk_temple_overflow_pools,
          okawaru_ov_weapons_minmay, lair_entry_dummy,
          biasface_ghost_orc_armoury
D:10:     layout_roguey
D:11:     layout_rooms
D:12:     layout_loops_ring, minmay_orc_entry_temple_small, roderic_batcave
D:13:     layout_loops_ring, gammafunk_ghost_smash
D:14:     layout_small_grid, grunt_vaults_entry_tiered, lemuel_blue_sif_altar
D:15:     grunt_enter_depths_magical_seal, layout_loops_ring,
          gauntlet_entry_generic, minmay_misc_feat_nine_boxes,
          cheibrodos_worm_habitat
Lair:1:   layout_cellular_growth
Lair:2:   layout_hall_layers, basic_altar, grunt_megastairs_2,
          minmay_lair_oklob_chamber
Lair:3:   layout_loops_ring, minmay_snake_entry_guardpost_small
Lair:4:   layout_regular_city, elwin_shoals_entry_rooms, grunt_megastairs_3,
          uniq_sonja
Lair:5:   layout_regular_city, minmay_slime_entry_pillars, grunt_megastairs_4
Lair:6:   hangedman_lair_tendril_chambers, layout_long_grid
Shoals:1: layout_shoals, serial_shops, shop, nicolae_square_shop,
          nicolae_shoals_drake_roost
Shoals:2: layout_shoals, serial_shops, bzr_firewalk,
          nicolae_shoals_lost_giant_hut, uniq_nikola, uniq_polyphemus
Shoals:3: layout_shoals
Shoals:4: shoals_end_hellmonk_storm_palace [storm_palace_center_square,
          storm_palace_corner_altar, storm_palace_corner_pillars,
          storm_palace_corner_grid, storm_palace_corner_altar], uniq_mara
Snake:1:  layout_gridlike, serial_shops, shop, nicolae_shop_stone, uniq_frances
Snake:2:  layout_honeycomb, minmay_shop_star, lemuel_fruit_tree
Snake:3:  nicolae_snake_attic_fulla_snakes, layout_misc_corridors,
          portal_ice_cave_entry_ugly_swarm,
          nicolae_snake_ghostly_warrior_ritual, grunt_megastairs_5
Snake:4:  johnstein_snake_rune_scales, layout_basic,
          nicolae_shop_sticking_my_neck_out, uniq_roxanne
Vaults:1: v_misc_2, v_rooms_5, vaults_dpeg_hooks, ontoclasm_vaults_pinch,
          ontoclasm_vaults_ring_large, v_misc_3,
          ontoclasm_vaults_loading_screen, v_misc_9, ontoclasm_vaults_eye,
          nicolae_vaults_alarming, layout_vaults_omnigrid
Vaults:2: vaults_dpeg_diagonal, v_alt_pattern_6, v_rooms_1,
          minmay_crypt_entry_simple_box, hangedman_vaults_nodes,
          ontoclasm_vaults_gateway, vaults_mumra_hex, v_misc_4,
          ontoclasm_vaults_idyll, st_hourglassy,
          vaults_room_grunt_arrival_checkpoint, layout_vaults_big_cross,
          serial_shops, shop, uniq_donald
Vaults:3: hangedman_vaults_restitches, dpeg_vaults_monster_box,
          vaults_mumra_lcd, ontoclasm_vaults_hangar,
          nicolae_vaults_network_square, v_misc_26, vaults_dpeg_encased_lava,
          nicolae_vaults_twisting_passages, v_misc_25, vaults_room_corners,
          nicolae_vaults_asterisk, nicolae_vaults_statue_guard,
          layout_vaults_ring, serial_shops, nicolae_shop_trees
Vaults:4: v_pattern_3, nicolae_vaults_network_s, ontoclasm_vaults_fire_temple,
          v_misc_5, vaults_room_semicircle, nicolae_vaults_network_periphery,
          vaults_room_stairs_pillars, nicolae_vaults_border_crossing,
          vaults_room_door_ring, grunt_vaults_hallway_short, serial_ice_h,
          ontoclasm_vaults_chip, layout_vaults_chaotic_city, serial_shops, shop
Depths:1: minmay_fractal_lines_corner, layout_gridlike, grunt_pan_entry_zigzag,
          pf_coc_iceberg, minmay_misc_feat_five, lemuel_flamethrower_3
Depths:2: evilmike_cross, layout_basic, enter_ziggurat_c, grunt_metal_band,
          fedhas_altar_4, infiniplex_staircase_split_hallway
Depths:3: minmay_the_grid_triangle_9x9_rhombus_thin
          [minmay_the_grid_triangle_9x9_negative_grid,
          minmay_the_grid_triangle_9x9_prize_top_heavy,
          minmay_the_grid_triangle_9x9_from_above,
          minmay_the_grid_triangle_9x9_checkered], layout_cave_pools,
          grunt_decor_mini_mirrors, grunt_pan_entry_in_and_out, hell_entry
Depths:4: radiant_caverns_a_rkd, pan_entry, hell_entry, abyss_entry,
          serial_shops

Skill      XL: |  1  2  3  4  5  6  7  8  9 10 11 12 13 14 15 16 17 18 19 20 21 |
---------------+----------------------------------------------------------------+-----
Stealth        | 2 3 5 6 |  6.1
Fighting       | 2 3 4 5 6 8 9 10 12 13 14 15 16 17 | 17.0
Crossbows      | 5 6 7 8 9 10 11 12 13 15 17 18 | 18.0
Maces & Flails | 2 |  2.0
Evocations     | 1 2 3 4 6 7 8 10 11 12 13 14 15 16 | 16.6
Invocations    | 2 3 4 7 9 10 11 13 14 15 16 17 18 | 18.8
Polearms       | 1 2 3 4 5 6 7 9 10 11 12 13 | 13.6
Armour         | 2 4 5 6 7 9 10 11 12 13 | 13.9
Dodging        | 3 4 5 7 9 10 11 12 13 14 | 14.0
Throwing       | 1 2 4 5 7 |  7.0
Axes           | 4 7 9 10 | 10.2
Shields        | 5 6 |  6.0
Slings         | |  0.9

Action                   |  1- 3 |  4- 6 |  7- 9 | 10-12 | 13-15 | 16-18 | 19-21 || total
-------------------------+-------+-------+-------+-------+-------+-------+-------++-------
Melee: Short sword       |     5 |       |     1 |       |       |       |       ||     6
       Flail             |     2 |     2 |       |       |       |       |       ||     4
       Long sword        |       |     3 |     4 |       |       |       |       ||     7
       Glaive            |       |       |    20 |   107 |   321 |   358 |   163 ||   969
       Arbalest          |       |       |       |     1 |       |       |       ||     1
       Scythe            |       |       |       |       |       |    16 |       ||    16
       Executioner's axe |       |       |       |       |       |    30 |    45 ||    75
 Fire: Hand crossbow     |    85 |   158 |    16 |     5 |    45 |    11 |    66 ||   386
       Arbalest          |       |       |   134 |   233 |   313 |   636 |   888 ||  2204
Throw: Dart              |       |       |       |       |     3 |    10 |       ||    13
       Throwing net      |       |       |       |       |       |     6 |       ||     6
       Javelin           |       |       |       |       |       |       |    38 ||    38
Invok: Lesser Healing    |       |       |     4 |    22 |    61 |   156 |   173 ||   416
       Heal Other        |       |       |     1 |     8 |       |    18 |    22 ||    49
       Greater Healing   |       |       |       |     1 |    17 |    10 |       ||    28
       Divine Vigour     |       |       |       |       |     1 |       |       ||     1
 Abil: Heal Wounds       |     1 |     1 |       |       |     2 |    31 |    77 ||   112
       Evoke Invisibilit |       |       |       |       |       |     8 |    12 ||    20
Evoke: Wand              |       |     3 |       |    14 |   115 |   109 |    47 ||   288
       Tin of tremorston |       |       |       |       |       |       |    12 ||    12
       Lightning rod     |       |       |       |       |       |       |     9 ||     9
       Box of beasts     |       |       |       |       |       |       |     8 ||     8
       Phial of floods   |       |       |       |       |       |       |     1 ||     1
  Use: Potion            |     1 |       |     2 |     5 |     9 |    12 |    14 ||    43
       Scroll            |       |       |    12 |    18 |    12 |    13 |    19 ||    74
 Stab: Sleeping          |       |       |     1 |     2 |       |       |       ||     3
       Invisible         |       |       |       |     1 |       |     7 |     6 ||    14
       Distracted        |       |       |       |       |     6 |     1 |       ||     7
       Paralysed         |       |       |       |       |       |    11 |       ||    11
       Held in net/web   |       |       |       |       |       |     4 |       ||     4
Armor: Leather armour    |    10 |       |     9 |     8 |       |       |       ||    27
       Ring mail         |    10 |    30 |    10 |       |       |       |       ||    50
       Plate armour      |       |       |       |   107 |   287 |   182 |   250 ||   826
       Chain mail        |       |       |       |       |       |   229 |   113 ||   342
Dodge: Dodged            |    39 |    30 |    34 |    73 |   127 |   370 |   326 ||   999
Block: Other             |       |       |       |    47 |    89 |   107 |    91 ||   334
       Reflection        |       |       |       |     6 |     9 |    14 |    11 ||    40
       Kite shield       |       |       |       |       |       |       |    21 ||    21
       Rpst.: Long sword |       |       |     1 |       |       |       |       ||     1
